 Dungeon Crawl Stone Soup version 0.29-a0-251-g80730f7218 (webtiles) character file.

Game seed: 1941066775703372440

112 Astera the Skirmisher (level 4, -1/35 HPs)
             Began as a Palentonga Fighter on Mar 5, 2022.
             Was a Follower of Hepliaklqana.
             Slain by a goblin
             ... wielding a +0 club
              (2 damage)
             ... on level 2 of the Dungeon.
             The game lasted 00:05:17 (1162 turns).

Astera the Skirmisher (Palentonga Fighter)          Turns: 1162, Time: 00:05:17

Health: -1/35      AC:  7    Str: 21    XL:     4   Next: 64%
Magic:  4/4        EV:  7    Int:  9    God:    Hepliaklqana [*.....]
Gold:   128        SH:  4    Dex:  9    Spells: 3/3 levels left

rFire   . . .      SeeInvis +   a - +0 war axe
rCold   . . .      Faith    .   c - +0 buckler
rNeg    . . .      Spirit   .   b - +0 scale mail
rPois   .          Reflect  .   g - +0 helmet
rElec   .          Harm     .   (no cloak)
rCorr   .          Rampage  .   (no gloves)
Will    .....                   (no barding)
Stlth   ..........              (no amulet)
HPRegen 0.11/turn               (no ring)
MPRegen 0.09/turn               (no ring)

@: no status effects
A: reduced essence, large, rugged brown scales 3, see invisible, deformed body,
roll 1, armoured tail
a: Rolling Charge, Renounce Religion, Recall Ancestor, Ancestor Identity


You were on level 2 of the Dungeon.
You worshipped Hepliaklqana.
Hepliaklqana was aware of your devotion.
You visited 1 branch of the dungeon, and saw 2 of its levels.

You collected 128 gold pieces.

Inventory:

Hand Weapons
 a - a +0 war axe (weapon)
Armour
 b - a +0 scale mail (worn)
 c - a +0 buckler (worn)
 g - a +0 helmet (worn)
Scrolls
 h - a scroll of immolation {unknown}
 i - 4 scrolls of identify {unknown}
 j - a scroll of teleportation {unknown}
 l - a scroll of summoning {unknown}
 m - a scroll of amnesia {unknown}
Potions
 d - a potion of might
 e - a potion of ambrosia {unknown}
 f - a potion of mutation {unknown}
 k - 2 potions of invisibility {unknown}


   Skills:
 + Level 3.7 Fighting
 + Level 2.9 Axes
 + Level 3.0 Armour
 + Level 3.1 Shields


You had 3 spell levels left.
You didn't know any spells.
Your spell library contained the following spells:

 Spells                   Type           Power      Damage    Failure   Level
 Slow                     Hex            0%         N/A       80%         1
 Blink                    Tloc           0%         N/A       90%         2
 Static Discharge         Conj/Air       0%         N/A       90%         2
 Sublimation of Blood     Necr           0%         N/A       90%         2
 Wereblood                Tmut           0%         N/A       90%         2
 Confusing Touch          Hex            0%         N/A       99%         3
 Dazzling Flash           Conj/Hex       0%         N/A       99%         3
 Vampiric Draining        Necr           0%         2d6       99%         3
 Dispel Undead            Necr           0%         3d6       100%        4
 Sticky Flame             Conj/Fire      0%         2d3       100%        4
 Agony                    Necr           0%         N/A       100%        5
 Manifold Assault         Tloc           0%         N/A       100%        5
 Silence                  Hex/Air        0%         N/A       100%        5
 Storm Form               Tmut/Air       0%         N/A       100%        7
 Summon Hydra             Summ           0%         N/A       100%        7


Dungeon Overview and Level Annotations

Branches:
Dungeon (2/15)

Altars:
Hepliaklqana


Innate Abilities, Weirdness & Mutations

Your life essence is reduced to manifest your ancestor. (-10% HP)
You are completely covered in rugged brown scales. (AC +3, +7% HP)
You have supernaturally acute eyesight. (SInv)
Armour fits poorly on your strangely shaped body.
You can roll at nearby foes to attack.
You have a long armoured tail.


Message History

You hear a zap.
You hear a grinding noise.
You feel yourself speed up.
You start resting.
You hear a zap.
Some rock shatters into small pieces.
Natasha, Servant of Life and Death comes into view.
She is carrying a wand of digging (2).
Natasha hisses angrily.
You roll forward with a clatter of scales!
You hit Natasha.
Natasha is moderately wounded.
You hear a shout!
Natasha barely misses you.
You hit Natasha.
Natasha is severely wounded.
Natasha casts a spell.
A goblin comes into view. It is wielding a +0 club.
Natasha drinks a potion.
Natasha is healed!
You closely miss Natasha. You closely miss the shadow imp. Natasha claws you!
The shadow imp barely misses you.
You closely miss Natasha. You slash the shadow imp! Natasha claws you.
The shadow imp shouts, "Out, out, thou vain shard-borne snaffler!"
The shadow imp hits you.
* * * LOW HITPOINT WARNING * * *
You slash Natasha!
Natasha is heavily wounded.
You closely miss the goblin. You closely miss the shadow imp.
You block Natasha's attack. The shadow imp hits you.
* * * LOW HITPOINT WARNING * * *
The goblin barely misses you. Natasha claws you but does no damage.
The shadow imp hits you but does no damage.
You slash Natasha!
You kill Natasha!
Natasha yowls pathetically as she dies!
The shadow imp disappears in a puff of smoke!
You barely miss the goblin. The goblin hits you with a +0 club.
* * * LOW HITPOINT WARNING * * *
The goblin hits you but does no damage.
Your Armour skill increases to level 3!
You barely miss the goblin. The goblin hits you with a +0 club.
You die... ##...###....## #†###.).#.##.# #..)# #....# #.#.....#.# #...# ♣PPPP♣

#.#.......#
#...#
♣...♣♣
#.#########
#...# ♣♣.♣♣
#.# #...#
.♣♣ #.#
#...# ♣#.#
# #####
♣.##.#
######
♣.@..#
.....#
♣..g##
######
♣#....
####.# #
..# # ## #


You could see a goblin.

Vanquished Creatures
  Natasha (twice) (D:2)
  A worm (D:2)
  3 dart slugs (D:1)
  2 ball pythons
  3 bats (D:1)
  3 endoplasms
  3 giant cockroaches
  6 goblins
  3 hobgoblins
  3 jackals (D:1)
  A quokka (D:2)
  2 frilled lizards (D:1)
  3 kobolds (D:1)
  8 rats
43 creatures vanquished.

Vanquished Creatures (collateral kills)
  An adder (D:2)
1 creature vanquished.

Vanquished Creatures (others)
  An ancestor (D:2)
1 creature vanquished.

Grand Total: 45 creatures vanquished

Notes
Turn   | Place    | Note
-------+----------+-------------------------------------------
     0 | D:1      | Astera the Palentonga Fighter began the quest for the Orb.
     0 | D:1      | Reached XP level 1. HP: 19/19 MP: 1/1
    56 | D:1      | Reached XP level 2. HP: 19/25 MP: 2/2
   295 | D:1      | Reached XP level 3. HP: 28/31 MP: 3/3
   568 | D:1      | Found a faded altar of an unknown god.
   574 | D:1      | Prayed at the altar of an unknown god.
   574 | D:1      | Became a worshipper of Hepliaklqana the Forgotten
   574 | D:1      | Reached * piety under Hepliaklqana
  1128 | D:2      | Noticed Natasha
  1148 | D:2      | Killed Natasha
  1149 | D:2      | Reached XP level 4. HP: 21/34 MP: 4/4
  1155 | D:2      | Noticed Natasha
  1161 | D:2      | Killed Natasha
  1161 | D:2      | HP: 1/34 [goblin/+0 club (4)]
  1162 | D:2      | Slain by a goblin

Illustrated notes

Levels and vault maps discovered:
D:1:      scummos_arrival_checkerplants, layout_basic,
          ebering_ecumenical_altar_box, grunt_decor_mini_mirrors,
          minmay_misc_feat_nine_boxes
D:2:      layout_basic, uniq_natasha, uniq_terence, uniq_crazy_yiuf_cottage

Skill      XL: |  1  2  3  4 |
---------------+-------------+-----
Shields        | 3 |  3.1
Armour         | 3 |  3.0
Fighting       | |  3.7
Axes           | |  2.9

Action                   |  1- 3 |  4- 6 || total
-------------------------+-------+-------++-------
Melee: War axe           |    83 |     7 ||    90
       Tailslap          |    15 |       ||    15
 Abil: Rolling Charge    |    24 |     1 ||    25
Armor: Scale mail        |    34 |     3 ||    37
Dodge: Dodged            |    15 |     3 ||    18
Block: Buckler           |    23 |     1 ||    24

Table legend: (Time is in decaauts)
 A = Elapsed time spent in this place.
 B = Non-inter-level travel time spent in this place.
 C = Inter-level travel time spent in this place.
 D = Time resting spent in this place.
 E = Time spent auto-exploring this place.
 F = Levels seen in this place.
 G = Mean time per level.
                   A        B        C        D        E       F      G
               +--------+--------+--------+--------+--------+-----+--------+
         Total |   1205 |   1174 |     31 |      0 |    562 |   2 |  602.5 |
       Dungeon |   1205 |   1174 |     31 |      0 |    562 |   2 |  602.5 |
               +--------+--------+--------+--------+--------+-----+--------+

Top non-repeatable levels by time:
     D:1: 758 daAuts
     D:2: 446 daAuts
